[Event "-chT Youth Countries 2019"]
[Site "Wuerzburg"]
[Date "2019.10.05"]
[Round "6.6"]
[White "Brunner, Sophia"]
[Black "Schwartz, Oliver"]
[Result "1/2-1/2"]
[ECO "A47"]
[WhiteElo "1935"]
[BlackElo "1650"]
[Annotator "NA RC"]
[PlyCount "156"]
[EventDate "2019.10.02"]
[EventType "team-tourn"]
[EventRounds "7"]
[EventCountry "GER"]
[SourceTitle "playchess.com"]
[Source "ChessBase"]
[SourceQuality "1"]
[WhiteTeam "Niedersachsen"]
[BlackTeam "Württemberg"]
[TimeControl "40/5400+30:1800+30"]

1. d4 Nf6 2. Nf3 b6 3. c4 {[%emt 0:01:33] unterminated} Bb7 4. Nc3 e6 {[%emt 0:00:29] unterminated} 5. Bg5 {[%emt 0:09:05] unterminated} d5 6. e3 {[%emt 0:00:23] unterminated} Be7 {[%emt 0:06:46] unterminated} 7. Bd3 {[%emt 0:03:15] unterminated} c5 {[%emt 0:05:32] unterminated} 8. dxc5 bxc5 9. cxd5 Nxd5 10. Bxe7 Qxe7 11. Bb5+ Nd7 12. Ne5 N5b6 13. Bxd7+ Nxd7 14. Qxd7+ Qxd7 15. Nxd7 Kxd7 16. O-O-O+ Ke7 17. f3 Bc6 18. Rd2 Rhc8 19. Rhd1 Rab8 20. e4 Rb4 21. Rd6 h6 22. a3 Rb7 23. R1d2 Rb6 24. e5 Rb3 25. Kc2 Rb6 {[%emt 0:00:53] unterminated} 26. Kc1 Rb3 27. Ne2 {[%emt 0:00:29] unterminated} Re3 28. f4 {[%emt 0:01:29] [#] unterminated} Rc7 {[%emt 0:03:50] unterminated} ({Black should try} 28... g5 $1 $17 29. g3 gxf4 30. gxf4 Rf3) 29. g3 {[%emt 0:02:48] unterminated} Bd5 30. Nc3 Bb3 31. Re2 Rf3 32. Re1 {[%emt 0:01:58] unterminated} Rf2 33. Rd2 Rf3 {[%emt 0:01:16] unterminated} 34. Nb5 {[%emt 0:04:02] unterminated} Rb7 35. Nd6 {[%emt 0:00:14] unterminated} Rc7 36. Nb5 {[%emt 0:03:05] unterminated} Rb7 {[%emt 0:00:22] unterminated} 37. Nd6 {[%emt 0:01:53] unterminated} Rc7 38. Ne4 {[%emt 0:01:23] unterminated} Bd5 39. Nc3 Bb3 40. Rde2 Rd3 41. Rd2 Rf3 42. Nd1 c4 43. Nc3 Rc8 44. Nb5 Rc5 45. Nd4 c3 46. Nxf3 cxd2+ 47. Kxd2 Rc2+ 48. Kd3 Rxb2 49. Kc3 Rf2 50. Kxb3 Rxf3+ 51. Kb4 Rf2 52. Kb5 Rxh2 53. Ka6 Ra2 54. Re3 {[%emt 0:00:00] unterminated} Kd7 55. Rc3 g5 {[%emt 0:01:17] unterminated} 56. fxg5 hxg5 57. Kxa7 Re2 58. Kb6 Rxe5 59. a4 Re1 60. Rd3+ Ke7 61. a5 Rb1+ 62. Kc6 Ra1 63. Kb6 Rb1+ 64. Kc6 {[%emt 0:00:11] unterminated} Ra1 65. Kb6 f5 $11 66. a6 f4 67. gxf4 gxf4 68. Kb7 Rb1+ 69. Kc6 Ra1 70. Kb7 Kf6 71. a7 Kf5 72. Rd6 Rxa7+ 73. Kxa7 f3 74. Kb6 e5 75. Kc5 f2 76. Rd8 Ke4 77. Rf8 Ke3 78. Kd5 Ke2 {[%emt 0:00:16] normal Kd4} 1/2-1/2

[Event "-chT Youth Countries 2019"]
[Site "Wuerzburg"]
[Date "2019.10.05"]
[Round "6.6"]
[White "Browning, Rebecca"]
[Black "Metzdorf, Matteo"]
[Result "0-1"]
[ECO "B22"]
[WhiteElo "1932"]
[BlackElo "1862"]
[Annotator "NA RC"]
[PlyCount "178"]
[EventDate "2019.10.02"]
[EventType "team-tourn"]
[EventRounds "7"]
[EventCountry "GER"]
[SourceTitle "playchess.com"]
[Source "ChessBase"]
[SourceQuality "1"]
[WhiteTeam "Nordrhein-Westfalen"]
[BlackTeam "Rheinland-Pfalz"]
[TimeControl "40/5400+30:1800+30"]

1. e4 c5 2. c3 e6 3. Nf3 d5 4. e5 Nc6 5. a3 {[%emt 0:00:43] unterminated} Qb6 {[%emt 0:03:45] unterminated} (5... f6 $11) 6. d4 c4 {[%emt 0:00:20] unterminated} 7. Qc2 Na5 {[%emt 0:03:54] unterminated} 8. Be3 Nb3 9. Ra2 {[%emt 0:00:06] unterminated} Bd7 10. Nbd2 {[%emt 0:00:12] unterminated} Ne7 {[%emt 0:07:22] [#] unterminated} (10... Ba4 $11) 11. Qb1 {[%emt 0:03:18] unterminated} (11. Bxc4 $1 $14 Nxd2 (11... dxc4 12. Nxc4) 12. Nxd2) 11... Nf5 12. Bf4 {[%emt 0:02:08] unterminated} Be7 {[%emt 0:05:58] unterminated} 13. Be2 {[%emt 0:07:46] unterminated} Ba4 14. O-O O-O {[%emt 0:02:02] unterminated} 15. Nxb3 {[%emt 0:04:44] unterminated} Bxb3 16. Ra1 {[%emt 0:00:05] unterminated} f6 {[%emt 0:12:07] unterminated} 17. Re1 {[%emt 0:06:07] unterminated} fxe5 18. Bxe5 Bf6 {[%emt 0:01:05] unterminated} 19. Qc1 {[%emt 0:00:38] unterminated} Nd6 {[%emt 0:03:32] unterminated} 20. Bxf6 {[%emt 0:13:18] unterminated} gxf6 {[%emt 0:06:09] unterminated} 21. Nd2 {[%emt 0:02:40] unterminated} Rae8 {[%emt 0:06:56] unterminated} 22. Nxb3 Qxb3 23. Bd1 {[%emt 0:00:04] unterminated} Qb6 24. Bc2 Rf7 {[%emt 0:03:04] unterminated} 25. Rb1 {[%emt 0:07:11] unterminated} e5 {[%emt 0:07:32] unterminated} 26. Qd2 {[%emt 0:06:39] unterminated} e4 27. Qf4 f5 28. Bd1 Rg7 29. Ba4 Re6 30. h4 Rg4 {[%emt 0:00:37] unterminated} 31. Qh2 Reg6 {[%emt 0:00:09] unterminated} 32. b3 (32. Kh1 $142 Qd8 33. h5 Rxg2 34. Qh3) 32... Qa5 {[%emt 0:01:00] unterminated} 33. Bd7 Qd8 34. Ba4 b5 35. bxc4 bxa4 36. c5 Nc4 37. Rb8 Rxg2+ 38. Kf1 Rxh2 39. Rxd8+ Kf7 40. Rxd5 Ke6 41. Rd8 e3 {[%emt 0:04:52] unterminated} 42. Ke2 Rxf2+ {[%emt 0:02:48] unterminated} 43. Kd3 {[%emt 0:00:00] unterminated} Ke7 {[%emt 0:17:46] unterminated} 44. Rd5 {[%emt 0:00:00] unterminated} Nd2 ({Don't take} 44... Nxa3 45. Rxe3+ Re6 46. c6 $19) 45. Rxe3+ Ne4 {[%emt 0:00:10] unterminated} 46. Kc4 Re6 {[%emt 0:00:46] unterminated} 47. Kd3 Rd2+ 48. Kc4 f4 49. Rf3 Rc2 50. Rxf4 Rxc3+ 51. Kb4 Rb3+ 52. Kxa4 Rb1 53. Rxe4 Rxe4 {[%emt 0:00:54] unterminated} 54. c6 Rb8 55. Ka5 Rc8 56. Kb5 Rb8+ 57. Kc5 Ke6 58. Rd6+ {[%emt 0:00:17] unterminated} Ke7 59. Rd7+ {[%emt 0:00:10] Double Attack} Ke8 60. Rxh7 Rb1 61. c7 Rc1+ {[%emt 0:00:18] unterminated} 62. Kd6 $19 Rxd4+ 63. Ke5 Rdc4 64. c8=Q+ Rxc8 65. Rxa7 R1c7 66. Ra6 Ke7 67. Kf4 Rc4+ 68. Kg3 Rc3+ 69. Kg4 Rg8+ 70. Kf5 Rc5+ 71. Kf4 Rc4+ 72. Kf5 Rxh4 73. Ra7+ Kd6 74. a4 Rf8+ 75. Kg5 Rc4 76. Ra6+ Rc6 77. Ra7 Rc7 78. Ra6+ Kc5 79. Re6 Rg7+ 80. Kh6 {[%emt 0:00:05] unterminated} Rg1 81. Kh7 Rf4 82. Re5+ Kb4 83. Rh5 Kxa4 84. Kh8 Kb4 85. Rh6 Kc5 86. Rh5+ Kd6 87. Rh6+ Ke7 88. Rh7+ Kf8 89. Rf7+ Kxf7 {[%emt 0:00:12] normal} 0-1

[Event "-chT Youth Countries 2019"]
[Site "Wuerzburg"]
[Date "2019.10.05"]
[Round "6.6"]
[White "Peglau, Charis"]
[Black "Wang, Xinyuan"]
[Result "1-0"]
[ECO "B28"]
[WhiteElo "1827"]
[BlackElo "2020"]
[Annotator "NA"]
[PlyCount "137"]
[EventDate "2019.10.02"]
[EventType "team-tourn"]
[EventRounds "7"]
[EventCountry "GER"]
[SourceTitle "playchess.com"]
[Source "ChessBase"]
[SourceQuality "1"]
[WhiteTeam "Sachsen"]
[BlackTeam "Baden 1"]
[TimeControl "40/5400+30:1800+30"]

1. e4 c5 2. Nf3 a6 3. c3 e6 4. d4 d5 5. e5 Bd7 6. Bd3 Nc6 {[%emt 0:00:24] B28: Sicilian: 2 Nf3 a6 (O'Kelly Variation)} (6... cxd4 7. cxd4 Bb5 8. Bc2 Bb4+ 9. Bd2 a5 10. a3 Bxd2+ 11. Qxd2 Ne7 12. Nc3 Ba6 13. h4 h6 14. Rh3 {1-0 (46) Eliseev,U (2582)-Artemiev,V (2673) Moscow 2016}) 7. a3 Be7 8. O-O $146 {[%emt 0:00:32] unterminated} ({Predecessor:} 8. h4 h6 9. h5 Na7 10. Rh3 Bb5 11. Bc2 Rc8 {0-1 (22) Wittal,W-Pluemmer,R DESC email 2004}) 8... g5 {[%emt 0:02:03] unterminated} 9. Bc2 {[%emt 0:08:06] unterminated} Rc8 10. Be3 {[%emt 0:02:37] unterminated} h5 11. Ne1 {[%emt 0:02:12] unterminated} cxd4 12. cxd4 {[%emt 0:01:24] unterminated} Na5 13. Nc3 {[%emt 0:00:56] unterminated} Nc4 {[%emt 0:03:16] unterminated} 14. Nd3 {[%emt 0:03:29] unterminated} Nxb2 {[%emt 0:04:16] unterminated} 15. Nxb2 Rxc3 {[%emt 0:01:36] unterminated} 16. Qd2 {[%emt 0:03:34] unterminated} Qc8 {[%emt 0:10:19] unterminated} 17. Ba4 {[%emt 0:08:17] unterminated} b5 18. Bd1 {[%emt 0:00:23] unterminated} g4 {[%emt 0:07:21] unterminated} 19. f3 {[%emt 0:11:06] unterminated} Bxa3 20. Nd3 b4 21. Nc5 Bb5 22. Be2 Qc6 23. Bxb5 Qxb5 24. fxg4 hxg4 25. Qf2 Rh7 26. Nxe6 fxe6 27. Qf8+ Kd7 28. Qxg8 Re7 29. Bg5 {[%emt 0:00:59] unterminated} Re8 30. Qf7+ Kc8 {[%emt 0:00:11] unterminated} 31. Qa7 {[%emt 0:06:48] unterminated} Qb7 32. Rf7 Qxa7 33. Rxa7 Rc6 34. Ra8+ Kd7 35. Ra7+ Kc8 36. Ra8+ Kd7 37. Ra7+ Rc7 38. Rxa6 Rb7 39. Rb1 Kc7 {[%emt 0:00:24] unterminated} 40. Bd2 ({Better is} 40. Kf2 $16) 40... Kb8 $14 41. Kf2 Ra7 42. Rxa7 Kxa7 43. Bxb4 Rb8 44. Ra1 Rxb4 45. Rxa3+ Kb6 46. Rd3 Rb2+ 47. Kg3 Kb5 48. h4 gxh3 49. gxh3 Kc4 50. Rd1 Rb3+ 51. Kg4 Rd3 52. Rxd3 Kxd3 53. h4 Kxd4 54. Kf4 Kc3 55. h5 d4 56. h6 d3 57. h7 d2 58. h8=Q d1=Q 59. Qc8+ Kb2 60. Qxe6 Qf1+ 61. Kg5 Qc1+ 62. Kf6 Qh6+ 63. Ke7 Qh7+ 64. Kd6 Qd3+ 65. Qd5 Qa6+ 66. Qc6 Qd3+ 67. Kc7 Qh7+ 68. Kb6 Qd3 69. Qb5+ {[%emt 0:00:00] normal Qh7 Qc6} 1-0

[Event "-chT Youth Countries 2019"]
[Site "Wuerzburg"]
[Date "2019.10.05"]
[Round "6.6"]
[White "Grining, Maria"]
[Black "Hubert, Charlotte"]
[Result "1/2-1/2"]
[ECO "D37"]
[WhiteElo "1801"]
[BlackElo "1341"]
[Annotator "NA"]
[PlyCount "85"]
[EventDate "2019.10.02"]
[EventType "team-tourn"]
[EventRounds "7"]
[EventCountry "GER"]
[SourceTitle "playchess.com"]
[Source "ChessBase"]
[SourceQuality "1"]
[WhiteTeam "Baden 2"]
[BlackTeam "Hamburg/Schleswig-Holstein"]
[TimeControl "40/5400+30:1800+30"]

1. d4 d5 2. Nf3 Nf6 3. c4 e6 4. Nc3 Be7 5. e3 O-O 6. b3 b6 7. Bd3 Bb7 8. O-O Nbd7 9. Bb2 c5 10. Re1 Rc8 11. cxd5 exd5 12. e4 dxe4 13. Nxe4 Nxe4 14. Bxe4 Bxe4 15. Rxe4 Nf6 16. Re2 cxd4 17. Nxd4 Bc5 18. Nf5 Qxd1+ 19. Rxd1 Rcd8 20. Rde1 Bb4 21. Bxf6 gxf6 22. Rc1 Rfe8 23. Rxe8+ Rxe8 24. Ne3 Bc5 25. Re1 Bxe3 26. fxe3 Rc8 27. Kf2 Kf8 28. Re2 Ke7 {[%emt 0:00:36] unterminated} 29. Kf3 {[%emt 0:01:36] unterminated} Ke6 30. Kf4 {[%emt 0:02:33] unterminated} Rc5 31. e4 {[%emt 0:02:10] unterminated} Kd6 {[%emt 0:15:28] unterminated} 32. Rd2+ Ke6 33. Re2 {[%emt 0:02:04] unterminated} a5 34. h3 {[%emt 0:03:29] unterminated} b5 35. a3 {[%emt 0:02:57] unterminated} Rc3 36. Re3 Rc2 {[%emt 0:01:23] unterminated} 37. g4 Ra2 {[%emt 0:00:50] unterminated} 38. b4 $1 axb4 39. axb4 $11 Rb2 40. Rc3 Rxb4 41. Rc6+ Ke7 {[%emt 0:31:08] normal} 42. Rc7+ Ke6 43. Rc6+ {[%emt 0:00:28] normal Ke5+} 1/2-1/2

[Event "-chT Youth Countries 2019"]
[Site "Wuerzburg"]
[Date "2019.10.05"]
[Round "6.6"]
[White "Pavlov, Liliane"]
[Black "Reuter, Elisa"]
[Result "1/2-1/2"]
[ECO "D76"]
[WhiteElo "1632"]
[BlackElo "1873"]
[Annotator "NA"]
[PlyCount "67"]
[EventDate "2019.10.02"]
[EventType "team-tourn"]
[EventRounds "7"]
[EventCountry "GER"]
[SourceTitle "playchess.com"]
[Source "ChessBase"]
[SourceQuality "1"]
[WhiteTeam "Team Süd"]
[BlackTeam "Thüringen"]
[TimeControl "40/5400+30:1800+30"]

1. d4 Nf6 2. c4 g6 3. Nf3 Bg7 4. g3 d5 5. cxd5 Nxd5 6. Bg2 Nb6 7. O-O O-O 8. Nc3 Nc6 9. e3 Re8 10. Qe2 e5 11. dxe5 Nxe5 12. Nxe5 Bxe5 13. Rd1 Qe7 14. f4 Bg7 15. e4 Be6 16. Be3 Nc4 17. Bd4 Bxd4+ 18. Rxd4 Qc5 19. Rad1 Nb6 20. Kh1 c6 21. e5 f5 22. g4 Qe7 23. Bh3 Rf8 24. gxf5 Bxf5 25. Bxf5 Rxf5 26. Qg4 Raf8 27. b4 Kh8 28. a4 Qf7 29. a5 Nd5 30. Nxd5 cxd5 31. Rxd5 Rxf4 32. Qh3 Rf3 33. Qg2 Rf2 {[%emt 0:01:19] normal} 34. Qh3 {[%emt 0:00:39] normal} 1/2-1/2

[Event "-chT Youth Countries 2019"]
[Site "Wuerzburg"]
[Date "2019.10.05"]
[Round "6.7"]
[White "Yue, Qizhou"]
[Black "Bungarten, Jona"]
[Result "1/2-1/2"]
[ECO "D43"]
[WhiteElo "1810"]
[BlackElo "1669"]
[Annotator "NA"]
[PlyCount "42"]
[EventDate "2019.10.02"]
[EventType "team-tourn"]
[EventRounds "7"]
[EventCountry "GER"]
[SourceTitle "playchess.com"]
[Source "ChessBase"]
[SourceQuality "1"]
[WhiteTeam "Rheinland-Pfalz"]
[BlackTeam "Nordrhein-Westfalen"]
[TimeControl "40/5400+30:1800+30"]

1. d4 d5 2. c4 e6 3. Nf3 Nf6 4. Nc3 c6 5. Bg5 Be7 6. e3 O-O 7. Qc2 Nbd7 8. cxd5 exd5 9. Bd3 h6 10. Bf4 Re8 11. h3 Nf8 12. g4 Ne6 13. O-O-O a5 14. Rdg1 b5 15. g5 hxg5 16. Bxg5 Nxg5 17. Nxg5 a4 18. Bh7+ Kf8 19. Nxf7 Kxf7 20. Qg6+ Ke6 21. Qf5+ Kf7 {[%emt 0:01:07] normal} 1/2-1/2

[Event "-chT Youth Countries 2019"]
[Site "Wuerzburg"]
[Date "2019.10.05"]
[Round "6.7"]
[White "Bock, Marlon"]
[Black "Ensslinger, Colin"]
[Result "1/2-1/2"]
[ECO "A47"]
[WhiteElo "1671"]
[BlackElo "1687"]
[Annotator "NA"]
[PlyCount "57"]
[EventDate "2019.10.02"]
[EventType "team-tourn"]
[EventRounds "7"]
[EventCountry "GER"]
[SourceTitle "playchess.com"]
[Source "ChessBase"]
[SourceQuality "1"]
[WhiteTeam "Thüringen"]
[BlackTeam "Team Süd"]
[TimeControl "40/5400+30:1800+30"]

1. d4 Nf6 2. Nf3 b6 3. e3 Bb7 4. Bd3 e6 5. O-O d5 6. b3 Bd6 7. Bb2 O-O 8. Ne5 Nbd7 9. f4 Ne4 10. Nd2 f5 11. c4 Ndf6 12. Qe2 Qe7 13. cxd5 Nxd2 14. Qxd2 Bxd5 15. Bc4 Ne4 16. Qe2 Bxe5 17. Bxd5 exd5 18. fxe5 Rab8 19. a4 Qd7 20. b4 c6 21. Rac1 Rbc8 22. Ba3 Rfe8 23. Qb2 g6 24. Rfd1 b5 25. a5 a6 26. Rf1 Qe7 27. Qe2 Qg5 28. Rc2 Kg7 29. Qf3 {[%emt 0:01:52] normal} 1/2-1/2

[Event "-chT Youth Countries 2019"]
[Site "Wuerzburg"]
[Date "2019.10.05"]
[Round "6.7"]
[White "Sperling, Niclas"]
[Black "Buchholz, Maja"]
[Result "1-0"]
[ECO "C00"]
[WhiteElo "1656"]
[BlackElo "1671"]
[Annotator "NA"]
[PlyCount "101"]
[EventDate "2019.10.02"]
[EventType "team-tourn"]
[EventRounds "7"]
[EventCountry "GER"]
[SourceTitle "playchess.com"]
[Source "ChessBase"]
[SourceQuality "1"]
[WhiteTeam "Brandenburg/Berlin"]
[BlackTeam "Hessen"]
[TimeControl "40/5400+30:1800+30"]

1. e4 e6 2. d4 d5 3. Bd3 dxe4 4. Bxe4 c5 5. Ne2 Nc6 6. Be3 cxd4 7. Nxd4 Ne5 8. Nc3 Nf6 9. Bf3 Bc5 10. Ndb5 Nxf3+ 11. Qxf3 Qb6 12. Rd1 O-O 13. Rd6 Bxe3 14. Rxb6 Bxb6 15. O-O Rd8 16. Na3 Rb8 17. Ne4 Nxe4 18. Qxe4 Bd7 19. c3 Bc6 20. Qc2 Rd5 21. Nc4 Rg5 22. g3 Bb5 23. Qe4 Rf5 24. a4 Bc6 25. Qc2 Bc5 26. b4 Be7 27. Rd1 Bf3 28. Rd7 Bf8 29. Ne3 Rf6 30. Qd3 Bc6 31. Rd8 Rxd8 32. Qxd8 Bxa4 33. Qb8 Bc6 34. Qxa7 h5 35. h4 Bd6 36. Nc4 Bc7 37. Qa8+ Kh7 38. Qc8 Bxg3 39. fxg3 Rf3 40. Ne5 Rxg3+ 41. Kf2 Rxc3 42. Nxc6 bxc6 43. b5 Rh3 44. b6 Rxh4 45. b7 Rf4+ 46. Ke3 g5 47. b8=Q Kg6 48. Qg8+ Kf6 49. Qbd8+ Ke5 50. Qgxg5+ f5 51. Qxf4# {normal} 1-0

[Event "-chT Youth Countries 2019"]
[Site "Wuerzburg"]
[Date "2019.10.05"]
[Round "6.7"]
[White "Schulz, Hannah"]
[Black "Kempe, Caius Emilian"]
[Result "0-1"]
[ECO "B35"]
[WhiteElo "1554"]
[BlackElo "1835"]
[Annotator "NA"]
[PlyCount "44"]
[EventDate "2019.10.02"]
[EventType "team-tourn"]
[EventRounds "7"]
[EventCountry "GER"]
[SourceTitle "playchess.com"]
[Source "ChessBase"]
[SourceQuality "1"]
[WhiteTeam "Baden 1"]
[BlackTeam "Sachsen"]
[TimeControl "40/5400+30:1800+30"]

1. e4 c5 2. Nf3 Nc6 3. d4 cxd4 4. Nxd4 Nf6 5. Nc3 g6 6. Be3 Bg7 7. Bc4 O-O 8. Bb3 Re8 9. f3 e6 10. f4 d6 {[%emt 0:00:13] unterminated} 11. Qf3 $11 Nxd4 12. Bxd4 e5 13. Be3 Qa5 14. O-O-O Bg4 15. Qf2 Bxd1 16. Rxd1 exf4 17. Qxf4 Qe5 18. Rxd6 Qxf4 19. Bxf4 Nxe4 20. Nxe4 Rxe4 21. Bg3 Rae8 22. Bd5 Bh6+ {[%emt 0:00:07] normal} 0-1

[Event "-chT Youth Countries 2019"]
[Site "Wuerzburg"]
[Date "2019.10.05"]
[Round "6.7"]
[White "Rempe, Mieke"]
[Black "Färber, Sophie"]
[Result "1-0"]
[ECO "C48"]
[WhiteElo "1530"]
[BlackElo "1414"]
[Annotator "NA RC"]
[PlyCount "75"]
[EventDate "2019.10.02"]
[EventType "team-tourn"]
[EventRounds "7"]
[EventCountry "GER"]
[SourceTitle "playchess.com"]
[Source "ChessBase"]
[SourceQuality "1"]
[WhiteTeam "Hamburg/Schleswig-Holstein"]
[BlackTeam "Baden 2"]
[TimeControl "40/5400+30:1800+30"]

1. e4 e5 2. Nf3 Nf6 3. Nc3 Nc6 4. Bb5 Bc5 5. O-O O-O 6. Nxe5 Nxe5 7. d4 Bd6 8. dxe5 Bxe5 9. Bd3 Re8 10. Ne2 d5 11. f4 Bd6 12. e5 Bc5+ 13. Kh1 Ng4 14. Qe1 c6 15. h3 Ne3 16. Rf3 Nf5 17. g4 Nd4 18. Nxd4 Bxd4 19. c3 Bb6 20. g5 f6 21. Qh4 f5 22. Bd2 Be6 23. Be3 d4 24. cxd4 Bd5 25. Raf1 Bxd4 26. Bxf5 Bxf3+ 27. Rxf3 g6 28. Bd3 Qd5 29. Qf2 Bxb2 30. Kh2 Qxd3 31. Qxb2 Rad8 32. Kg3 Qd1 33. Qxb7 Rd3 34. Qxc6 Qe2 35. Qxe8+ Kg7 36. e6 Rxe3 37. Qf7+ Kh8 38. Qf8# {[%emt 0:00:00] normal} 1-0

[Event "-chT Youth Countries 2019"]
[Site "Wuerzburg"]
[Date "2019.10.05"]
[Round "6.7"]
[White "Woerz, Ann-Sophie"]
[Black "Sauer, Tim"]
[Result "0-1"]
[ECO "B11"]
[WhiteElo "1500"]
[BlackElo "1597"]
[Annotator "NA RC"]
[PlyCount "126"]
[EventDate "2019.10.02"]
[EventType "team-tourn"]
[EventRounds "7"]
[EventCountry "GER"]
[SourceTitle "playchess.com"]
[Source "ChessBase"]
[SourceQuality "1"]
[WhiteTeam "Württemberg"]
[BlackTeam "Niedersachsen"]
[TimeControl "40/5400+30:1800+30"]

1. e4 c6 2. Nf3 d5 3. Nc3 Bg4 4. h3 Bxf3 5. Qxf3 e6 6. d3 Bd6 7. d4 Nd7 8. Bd3 Ne7 9. Bd2 Qb6 10. e5 Bb4 11. Qg4 O-O-O 12. O-O Bxc3 13. bxc3 Rdg8 14. Rfb1 Qc7 15. a4 h5 16. Qe2 Nb8 17. a5 g5 18. a6 b6 19. c4 dxc4 20. Bxc4 Nf5 21. Qd3 g4 22. d5 gxh3 23. Qxh3 cxd5 24. Bxd5 exd5 25. Qxf5+ Qd7 26. Qxd7+ Kxd7 27. Bc3 Ke6 28. Re1 Rg4 29. Kf1 Rhg8 30. g3 Rc4 31. Ra3 Rgc8 32. Bd2 Rxc2 33. Be3 R8c4 34. Bxb6 Rc6 35. Bxa7 Nxa6 36. Ra4 R2c4 37. Rxc4 dxc4 38. f4 Kf5 39. Kf2 Nb4 40. Rh1 Kg6 41. Ke3 c3 42. Ke2 Ra6 43. Be3 Ra2+ 44. Kf3 c2 45. Ke4 Ra3 46. f5+ Kg7 47. Rc1 Rb3 48. Bd2 Rb1 49. Ke3 Rb3+ 50. Ke2 Nc6 51. f6+ Kg6 52. Bf4 Nd4+ 53. Kf2 Rb2 54. e6 fxe6 55. Be5 Rb1 56. Bf4 Rxc1 57. Bxc1 Nb3 58. Bb2 c1=Q 59. Bxc1 Nxc1 60. Kf3 Kxf6 61. Ke4 Ne2 62. Kf3 Nxg3 63. Kxg3 Ke5 {normal} 0-1

[Event "-chT Youth Countries 2019"]
[Site "Wuerzburg"]
[Date "2019.10.05"]
[Round "6.8"]
[White "Pohle, Saskia"]
[Black "Fischer, Darja"]
[Result "1-0"]
[ECO "B18"]
[WhiteElo "1716"]
[BlackElo "1604"]
[Annotator "NA"]
[PlyCount "77"]
[EventDate "2019.10.02"]
[EventType "team-tourn"]
[EventRounds "7"]
[EventCountry "GER"]
[SourceTitle "playchess.com"]
[Source "ChessBase"]
[SourceQuality "1"]
[WhiteTeam "Sachsen"]
[BlackTeam "Baden 1"]
[TimeControl "40/5400+30:1800+30"]

1. e4 c6 2. d4 d5 3. Nd2 dxe4 4. Nxe4 Bf5 5. Ng3 Bg6 6. h4 h6 7. h5 Bh7 8. Nf3 Nd7 9. Bd3 Bxd3 10. Qxd3 Ngf6 11. Bd2 e6 12. O-O-O Bd6 13. Ne4 Bc7 14. Kb1 Qe7 15. Rde1 O-O-O 16. c4 Kb8 17. Bc3 Nxe4 18. Qxe4 Nf6 19. Qe2 Rhe8 20. Ka1 Ka8 21. b4 Rb8 22. Ne5 Nd7 23. Rb1 Nxe5 24. dxe5 Qf8 25. b5 c5 26. a4 Bd8 27. a5 f6 28. f4 f5 29. Rhd1 Be7 30. a6 Red8 31. Ba5 Rxd1 32. Rxd1 Qe8 33. Qf3 Qc8 34. g3 Qe8 35. Bc7 Qc8 36. Bxb8 Kxb8 37. Qxb7+ Qxb7 38. axb7 Kc7 39. Rd7+ {[%emt 0:00:33] normal} 1-0

[Event "-chT Youth Countries 2019"]
[Site "Wuerzburg"]
[Date "2019.10.05"]
[Round "6.8"]
[White "Sereda, Yaroslava"]
[Black "Richter, Johanna"]
[Result "1-0"]
[ECO "B09"]
[WhiteElo "1687"]
[BlackElo "942"]
[Annotator "NA"]
[PlyCount "123"]
[EventDate "2019.10.02"]
[EventType "team-tourn"]
[EventRounds "7"]
[EventCountry "GER"]
[SourceTitle "playchess.com"]
[Source "ChessBase"]
[SourceQuality "1"]
[WhiteTeam "Nordrhein-Westfalen"]
[BlackTeam "Rheinland-Pfalz"]
[TimeControl "40/5400+30:1800+30"]

1. e4 d6 2. d4 Nf6 3. Nc3 g6 4. f4 Bg7 5. Nf3 O-O 6. Be2 Nc6 7. O-O Bg4 8. h3 Bxf3 9. Bxf3 e5 10. Ne2 Re8 11. d5 Nd4 12. Nxd4 exd4 13. Qd3 Qe7 14. b3 Nxe4 15. Re1 Nc5 16. Rxe7 Nxd3 17. Rxe8+ Rxe8 18. cxd3 Re1+ 19. Kf2 Re7 20. Bb2 Re3 21. Be2 Bf6 22. g3 c5 23. dxc6 bxc6 24. Rc1 c5 25. b4 cxb4 26. Rc4 a5 27. Bxd4 Bxd4 28. Rxd4 Re6 29. Rd5 a4 30. Rb5 b3 31. axb3 axb3 32. Rxb3 Kg7 33. Rb6 d5 34. Rxe6 fxe6 35. Ke3 Kf6 36. Kd4 h6 37. Kc5 Kf5 38. Kd6 Kf6 39. Bg4 g5 40. fxg5+ hxg5 41. Bxe6 d4 42. Kd5 Ke7 43. Bg4 Kd8 44. Kxd4 Kc7 45. Ke5 Kd8 46. Kd6 Ke8 47. Kc7 Ke7 48. d4 Kf6 49. d5 Ke5 50. d6 Ke4 51. d7 Ke5 52. d8=Q Ke4 53. Qe7+ Kd5 54. Bf3+ Kd4 55. Qe4+ Kc3 56. Qd5 Kc2 57. Be4+ Kc1 58. Kb6 Kb2 59. Qc4 g4 60. Qc2+ Ka3 61. Bd5 gxh3 62. Qb3# {[%emt 0:00:10] normal} 1-0

[Event "-chT Youth Countries 2019"]
[Site "Wuerzburg"]
[Date "2019.10.05"]
[Round "6.8"]
[White "Roncea, Andrea-Alexandra"]
[Black "Bako, Evelin"]
[Result "1-0"]
[ECO "B40"]
[WhiteElo "1590"]
[BlackElo "1209"]
[Annotator "NA"]
[PlyCount "109"]
[EventDate "2019.10.02"]
[EventType "team-tourn"]
[EventRounds "7"]
[EventCountry "GER"]
[SourceTitle "playchess.com"]
[Source "ChessBase"]
[SourceQuality "1"]
[WhiteTeam "Niedersachsen"]
[BlackTeam "Württemberg"]
[TimeControl "40/5400+30:1800+30"]

1. e4 c5 2. Nf3 e6 3. c3 d5 4. e5 Nc6 5. d4 Qb6 6. a3 cxd4 7. cxd4 Nge7 8. b4 Nf5 9. Be3 Be7 10. Bd3 O-O 11. O-O f6 12. Bxf5 exf5 13. Nc3 Rd8 14. Qb3 Be6 15. exf6 Bxf6 16. Na4 Qc7 17. Nc5 Bf7 18. Rac1 f4 19. Bd2 Bxd4 20. Nd3 Bf6 21. Bxf4 Qd7 22. Nc5 Qc8 23. Rfd1 Rb8 24. Bxb8 Qxb8 25. Qc2 d4 26. Nxb7 Qxb7 27. Qxc6 Qb8 28. Qc5 d3 29. Qc7 Qxc7 30. Rxc7 Bb3 31. Rd2 g5 32. Ne1 Be5 33. Re7 Bf6 34. Re3 g4 35. Rdxd3 Rc8 36. Rxb3 Rc1 37. Kf1 Bd4 38. Re4 Bb6 39. Rxg4+ Kf7 40. Ke2 Rc8 41. Rf3+ Ke6 42. Rg7 Re8 43. Rxh7 Kd5+ 44. Kf1 Rc8 45. Nd3 Rd8 46. Nc5 Kc4 47. Rh4+ Kb5 48. a4+ Kc6 49. Rh6+ Rd6 50. Rxd6+ Kxd6 51. Rf6+ Ke7 52. Rxb6 axb6 53. h4 bxc5 54. bxc5 Kd7 55. h5 {[%emt 0:00:00] normal} 1-0